 Dungeon Crawl Stone Soup version 0.17.0-23-g0de4337 (webtiles) character file.

483070 Leibowitz the Acrobat (level 24, 0/193 HPs)
             Began as a Merfolk Gladiator on Nov 14, 2015.
             Was the Champion of Okawaru.
             Slain by a tentacled monstrosity (11 damage)
             ... on level 5 of the Vaults.
             The game lasted 05:04:53 (73788 turns).

Leibowitz the Acrobat (Merfolk Gladiator)          Turns: 73788, Time: 05:04:53

Health: 0/193      AC: 12    Str: 24    XL:     24   Next: 89%
Magic:  40/40      EV: 40    Int: 14    God:    Okawaru [******]
Gold:   5497       SH: 30    Dex: 31    Spells: 2 memorised, 19 levels left

rFire  + + .     SeeInvis .     b - +7 demon trident (freeze)
rCold  + . .     Clarity  .     V - +1 robe "Pecw" {rC+ rN+ MR+ MP+9}
rNeg   + . .     SustAt   .     C - +6 large shield "Qucruigo" {rPois Dex+3}
rPois  +         Gourm    .     M - +1 hat
rElec  +         Spirit   .     y - +1 cloak {MR+}
rCorr  .         Warding  .     G - +0 pair of gloves
rMut   .         Stasis   .     o - +2 pair of boots "Kopsaurph" {rElec}
MR     +++..                    h - amulet of the Air {Inacc +Fly rElec EV+5 RMsl}
Stlth  ++++++++..               U - ring of Eshreemu {rF+ Str+3 Int+3 Dex+3}
                                j - ring of Hodaopn {rF+ Str+5 Int+4}

@: constricted, repel missiles, extremely resistant to hostile enchantments,
extraordinarily stealthy
A: change form in water, swift swim
a: Heroism, Finesse, Renounce Religion, Evoke Flight
}: 2/15 runes: serpentine, barnacled


You were on level 5 of the Vaults.
You worshipped Okawaru.
Okawaru was exalted by your worship.
You were hungry.

You visited 12 branches of the dungeon, and saw 50 of its levels.
You also visited: Ice Cave and Wizlab.

You collected 7025 gold pieces.
You spent 1528 gold pieces at shops.

Inventory:

Hand Weapons
 a - the +8 rapier of the Special Spirits {pierce, +Inv rC+ MP+9}
   (You found it on level 6 of the Dungeon)

   It inflicts extra damage upon your enemies.
   It protects you from cold.
   It affects your magic capacity (+9).
   It lets you turn invisible.
 b - a +7 demon trident of freezing (weapon)
 l - a +3 demon trident of flaming
Missiles
 R - 7 throwing nets
 W - 8 poisoned javelins (quivered)
Armour
 o - the +2 pair of boots "Kopsaurph" (worn) {rElec}
   (You found it on level 3 of the Orcish Mines)

   It insulates you from electricity.
 y - a +1 cloak of magic resistance (worn)
 C - the +6 large shield "Qucruigo" (worn) {rPois Dex+3}
   (You took it off Mennas on level 1 of the Crypt)

   It affects your dexterity (+3).
   It protects you from poison.
 F - the +4 scale mail of Axkaak {rElec rPois Int+4}
   (You found it on level 3 of the Vaults)

   It affects your intelligence (+4).
   It insulates you from electricity.
   It protects you from poison.
 G - a +0 pair of gloves (worn)
 M - a +1 hat (worn)
 O - the +2 robe of Nunifaor {rCorr MP-9 Int+4}
   (You bought it in a shop on level 1 of the Vaults)

   It affects your intelligence (+4).
   It affects your magic capacity (-9).
   It protects you from acid and corrosion.
 V - the +1 robe "Pecw" (worn) {rC+ rN+ MR+ MP+9}
   (You bought it in a shop on level 1 of the Vaults)

   It protects you from cold.
   It protects you from negative energy.
   It affects your resistance to hostile enchantments.
   It affects your magic capacity (+9).
Jewellery
 c - an uncursed amulet of clarity
 h - the amulet of the Air (around neck) {Inacc +Fly rElec EV+5 RMsl}
   (You found it on level 3 of the Elven Halls)

   [amulet of inaccuracy]

   It reduces the accuracy of all your attacks.
   It affects your evasion (+5).
   It insulates you from electricity.
   It lets you fly.
   It protects you from missiles.
 i - the amulet of the Centipede {Stasis rC- Dex+3 Stlth+}
   (You found it on level 3 of the Elven Halls)

   [amulet of stasis]

   It prevents you from being teleported, slowed, hasted or paralysed.
   It affects your dexterity (+3).
   It makes you vulnerable to cold.
   It makes you more stealthy.
 j - the ring of Hodaopn (left hand) {rF+ Str+5 Int+4}
   (You found it on level 12 of the Dungeon)

   [ring of protection from fire]

   It affects your strength (+5).
   It affects your intelligence (+4).
   It protects you from fire.
 t - an uncursed amulet of warding
 z - the ring "Gocw" {Fire rN+ MR++}
   (You took it off a deep elf high priest on level 3 of the Elven Halls)

   [ring of fire]

   It enhances your fire magic, and weakens your ice magic.
   It protects you from fire.
   It makes you vulnerable to cold.
   It protects you from negative energy.
   It affects your resistance to hostile enchantments.
 E - an uncursed ring of positive energy
 U - the ring of Eshreemu (right hand) {rF+ Str+3 Int+3 Dex+3}
   (You acquired it on level 4 of the Lair of Beasts)

   [ring of protection from fire]

   It affects your strength (+3).
   It affects your intelligence (+3).
   It affects your dexterity (+3).
   It protects you from fire.
 X - an uncursed ring of see invisible
Wands
 D - a wand of heal wounds (5)
 L - a wand of teleportation (3)
 N - a wand of digging (13)
 Y - a wand of disintegration (13)
Scrolls
 e - 16 scrolls of identify
 m - 3 scrolls of fog
 n - 17 scrolls of remove curse
 w - a scroll of holy word
 B - 8 scrolls of enchant armour
 H - 7 scrolls of recharging
 J - 2 scrolls of fear
 P - 4 scrolls of magic mapping
 S - 6 scrolls of blinking
 T - 2 scrolls of acquirement
Potions
 d - 11 potions of flight
 f - a potion of berserk rage
 g - 5 potions of brilliance
 k - 19 potions of curing
 p - a potion of resistance
 s - 9 potions of haste
 x - 3 potions of agility
 I - a potion of invisibility
 Q - 2 potions of lignification


   Skills:
 + Level 16.4 Fighting
 + Level 11.2 Short Blades
 + Level 23.7 Polearms
 + Level 4.1 Throwing
 + Level 8.9 Armour
 + Level 24.1 Dodging
 * Level 18.4 Stealth
 + Level 18.2 Shields
 + Level 3.5 Invocations
 + Level 10.9 Evocations


You had 19 spell levels left.
You knew the following spells:

 Your Spells              Type           Power        Failure   Level  Hunger
a - Repel Missiles        Chrm/Air       #.....       89%         2    ###....
b - Swiftness             Chrm/Air       #.......     89%         2    ###....


Dungeon Overview and Level Annotations

Branches:
Dungeon (15/15)            Temple (1/1) D:6            Lair (8/8) D:9
 Shoals (4/4) Lair:5        Snake (4/4) Lair:6        Slime (1/6) Lair:7
    Orc (4/4) D:12            Elf (3/3) Orc:4        Vaults (5/5) D:13
  Crypt (2/3) Vaults:3     Depths (2/5) D:15           Hell (1/1)
    Dis: Hell:1         Geh: Hell:1         Coc: Hell:1         Tar: Hell:1

Altars:
Ashenzari
Dithmenos
Elyvilon
Gozag
Kikubaaqudgha
Makhleb
Nemelex Xobeh
Okawaru
Qazlal
Sif Muna
Trog
Vehumet
Xom
Yredelemnul
Zin
The Shining One
Beogh

Shops:
D:11 =[   D:13 %   Orc:2 **!%   Orc:4 ?}![*   Elf:2 %   Shoals:1 [   Shoals:4 (
Snake:2 (   Vaults:1 [   Vaults:3 !

Portals:
Hell: Lair:8 Depths:1

Annotations:
Vaults:2 exclusion: orange crystal statue
Hell Geryon


Message History

You block the tentacled monstrosity's attack.
The tentacled monstrosity completely misses you.
You block the tentacled monstrosity's attack.
The tentacled monstrosity grabs you.
* * * LOW HITPOINT WARNING * * *
The tentacled monstrosity constricts you.
You puncture the tengu reaver! You freeze the tengu reaver.
The tengu reaver is moderately wounded.
You block the tengu reaver's attack. x3
You block the tentacled monstrosity's attack.
The tentacled monstrosity tentacle-slaps you!
* * * LOW HITPOINT WARNING * * *
The tentacled monstrosity completely misses you.
* * * LOW HITPOINT WARNING * * *
The tentacled monstrosity constricts you.
Your attempt to break free from the tentacled monstrosity fails, but you feel that another attempt might succeed.
The tengu reaver misses you. You block the tengu reaver's attack.
The tengu reaver claws you but does no damage.
The tentacled monstrosity tentacle-slaps you!
You die...

..#..... .....
##:..##.....t# .....
##.((##......## ......
##.:..#........# ....
#(:.....#....... .c*#
.[....###.)...#
#pc##)##..## ##)..##
#XQ###....###.....#
##@x#......#).รท....
#.))[.............#
#..)).............##
......................#
...#...#...#...#...#...
#.###.###.###.###.###..
## ## ### ### ### #. .


You could see a tentacled monstrosity, a tengu reaver, an ironbrand convoker and
2 yaktaurs.

Vanquished Creatures
  Mennas (Crypt:1)
  Sojobo (Vaults:3)
  Boris (Crypt:2)
  Margery (Crypt:1)
  Saint Roka (Snake:4)
  Vashnia (Snake:4)
  2 golden dragons (Vaults:5)
  Nikola (Shoals:1)
  Jorgrun (Snake:3)
  A lich (Depths:1)
  A Cloud Mage (WizLab)
  A tentacled monstrosity (Vaults:4)
  A titan (Depths:1)
  2 deep elf blademasters
  2 deep elf master archers (Elf:3)
  6 tengu reavers
  A kraken (Shoals:4)
  4 ancient champions
  Agnes (D:15)
  2 sphinxes
  Frances (Elf:1)
  2 shadow dragons (Vaults:5)
  The ghost of Squibie the Fencer, an adept DsGl of Makhleb (Snake:3)
  A storm dragon (Vaults:5)
  A revenant (Crypt:2)
  Roxanne (Shoals:1)
  8 greater nagas
  7 deep elf sorcerers (Elf:3)
  Ilsuiw (Shoals:4)
  An azure jelly (Lair:7)
  Wiglaf (Vaults:1)
  4 fire giants
  An iron dragon (Vaults:5)
  10 vault wardens
  Maud (Lair:3)
  3 frost giants
  Aizul (Snake:2)
  2 orc warlords (Orc:3)
  2 ghouls (Crypt:1)
  A curse skull (Crypt:1)
  2 war gargoyles
  14 ironheart preservers
  6 very ugly things (Depths:1)
  8 stone giants
  2 vampire knights
  10 deep elf annihilators
  7 deep elf demonologists
  Azrael (Snake:2)
  A salamander stormcaller (Vaults:5)
  9 ettins
  6 deep elf death magi
  15 vault guards
  5 merfolk javelineers
  3 eidola (Crypt:1)
  7 crystal guardians
  5 fire dragons
  8 merfolk impalers
  2 minotaurs (shapeshifter)
  8 deep elf high priests
  2 rakshasas
  An entropy weaver (Depths:2)
  10 yaktaur captains
  16 jiangshi
  5 great orbs of eyes
  Harold (Lair:1)
  11 ice dragons
  13 naga warriors
  7 hydras
  2 death knights
  3 merfolk avatars
  An anaconda (shapeshifter) (Vaults:5)
  An alligator snapping turtle (Shoals:4)
  12 anacondas
  2 tengu warriors
  13 dancing weapons (Elf:2)
  11 ogre magi
  12 centaur warriors
  3 vampire magi
  2 catoblepae
  13 death yaks
  5 orc high priests
  4 deep troll earth magi
  4 merfolk aquamancers
  16 naga sharpshooters
  2 deep troll shamans
  Urug (D:14)
  21 deep elf knights
  10 hell knights
  5 shock serpents
  A sun demon (Lair:8)
  3 shadow wraiths
  A storm dragon zombie (Crypt:2)
  A fire crab (shapeshifter) (D:13)
  2 titan skeletons
  A large abomination (Vaults:2)
  3 fire crabs
  15 skeletal warriors
  18 sea snakes
  2 ghost moth zombies (Crypt:1)
  A phantasmal warrior (Crypt:2)
  3 unseen horrors
  11 naga ritualists
  3 flayed ghosts
  12 ironbrand convokers
  12 orc knights
  12 deep trolls
  2 deep elf summoners
  5 harpies (Shoals:4)
  A giant orange brain (Depths:1)
  3 wizards
  7 hill giants
  4 orc sorcerers
  A cyclops (shapeshifter) (Vaults:5)
  2 hornets
  7 necromancers
  3 wolf spiders
  3 oklob plants
  An orb spider (shapeshifter) (D:13)
  11 fauns
  36 ugly things
  14 deep elf conjurers
  18 griffons
  8 mana vipers
  13 cyclopes
  A water nymph (shapeshifter) (Elf:3)
  4 manticores
  5 water nymphs
  A sixfirhy (Lair:8)
  25 elephants
  27 black mambas
  2 guardian serpents
  An octopode (shapeshifter) (Elf:2)
  5 salamanders
  12 vault sentinels
  2 gargoyles
  13 sirens
  2 ice statues (IceCv)
  A black mamba (shapeshifter) (Vaults:1)
  A shock serpent skeleton (Crypt:1)
  A dire elephant zombie (Crypt:1)
  2 torpor snails
  An emperor scorpion zombie (Crypt:2)
  49 yaktaurs
  13 naga magi
  An orange demon (Lair:8)
  5 komodo dragons
  13 spiny frogs
  4 kobold demonologists
  3 efreet
  7 fire drakes
  The ghost of Leibowitz the Ducker, a novice KoGl (D:4)
  A komodo dragon (shapeshifter) (Vaults:1)
  A red devil (Lair:8)
  A hellwing (Lair:8)
  14 deep elf priests
  17 two-headed ogres
  7 wind drakes
  A catoblepas skeleton (Crypt:2)
  36 merfolk
  A wind drake (shapeshifter) (Vaults:4)
  12 blink frogs
  8 freezing wraiths
  6 blue devils (Lair:8)
  9 trolls
  A polar bear (Lair:6)
  33 slime creatures
  Grinder (D:4)
  Prince Ribbit (D:6)
  A jumping spider (Vaults:3)
  An ettin zombie (Crypt:1)
  A hornet zombie (Crypt:1)
  A boulder beetle (shapeshifter) (Vaults:3)
  9 boulder beetles
  A trapdoor spider (D:15)
  An iron dragon simulacrum (Crypt:1)
  8 snapping turtles
  9 water elementals
  38 air elementals (WizLab)
  52 yaks
  A tarantella (shapeshifter) (Vaults:2)
  An ettin skeleton (Crypt:1)
  13 redbacks
  5 fire elementals (Snake:2)
  A spriggan (D:7)
  A trapdoor spider (shapeshifter) (Elf:2)
  A wyvern (Lair:8)
  2 shadows
  3 vampires (Crypt:1)
  34 deep elf fighters
  26 deep elf magi
  A centaur simulacrum (D:14)
  15 vampire mosquitoes
  10 hippogriffs
  A black mamba skeleton (Crypt:2)
  2 hungry ghosts
  Grum (D:11)
  A steam dragon (D:12)
  12 wraiths
  23 wolves
  A wyvern (shapeshifter) (Elf:1)
  5 basilisks
  3 fire bats (Lair:1)
  A human (shapeshifter) (Vaults:5)
  Menkaure (D:4)
  2 mottled dragons (D:15)
  10 insubstantial wisps (WizLab)
  7 wargs
  49 nagas
  11 water moccasins
  A spiny frog zombie (Crypt:2)
  4 hell hounds
  2 wasps (D:7)
  A sky beast (D:8)
  12 porcupines
  3 phantoms
  A spiny frog skeleton (Crypt:1)
  2 black bears (shapeshifter)
  3 black bears
  8 boggarts
  18 crocodiles
  2 snapping turtle skeletons (Crypt:1)
  4 necrophages
  32 centaurs
  17 ice beasts
  40 ogres
  51 orc warriors
  A brain worm (shapeshifter) (Vaults:4)
  2 brain worms (Lair:8)
  3 big kobolds
  13 giant frogs
  18 killer bees
  9 electric eels
  2 scorpions
  2 vampire bats (Orc:3)
  3 centaur zombies
  2 giant frog zombies
  11 wights
  8 crimson imps
  17 jellies
  2 quasits
  A demonspawn zombie (Crypt:2)
  3 giant frog skeletons
  46 orc wizards
  Crazy Yiuf (D:7)
  49 orc priests
  6 centaur skeletons
  12 hounds
  13 iguanas
  Jessica (D:2)
  14 worker ants
  22 sheep
  A demigod zombie (Crypt:2)
  A tengu skeleton (Crypt:1)
  2 hound skeletons
  2 worker ant zombies
  8 gnolls
  59 river rats
  14 adders
  A swamp drake skeleton (Crypt:1)
  4 shadow imps
  12 white imps (D:11)
  3 adder skeletons
  2 adder zombies (D:7)
  An iguana zombie (Crypt:1)
  A lava snake zombie (Crypt:2)
  2 oozes
  A sheep skeleton (Crypt:2)
  2 worms
  5 giant geckos
  242 orcs
  9 giant cockroaches
  13 hobgoblins
  21 jackals
  28 kobolds
  5 quokkas
  A ball python (D:7)
  11 bats
  5 giant newts
  8 goblins
  A goblin zombie (Crypt:1)
  An orc skeleton (Crypt:2)
  A quokka zombie (D:6)
  10 rats
  A crawling corpse (Vaults:2)
  A fungus (D:1)
  2 tentacles (Shoals:4)
2311 creatures vanquished.

Vanquished Creatures (collateral kills)
  2 merfolk javelineers (Shoals:4)
  A merfolk impaler (Shoals:4)
  An alligator snapping turtle (Shoals:4)
  A cyclops (Shoals:4)
  2 sirens (Shoals:4)
  2 merfolk (Shoals:4)
  A sheep (Shoals:4)
10 creatures vanquished.

Vanquished Creatures (others)
  A vault warden (Vaults:5)
  A salamander stormcaller (Vaults:5)
  13 vault guards (Vaults:5)
  A yaktaur captain (Vaults:5)
  A vampire mage (Depths:1)
  2 deep elf knights
  A shadow wraith (Vaults:1)
  A hill giant (D:11)
  A griffon (Vaults:4)
  A naga mage (Snake:4)
  3 yaktaurs (Vaults:5)
  A wind drake (WizLab)
  3 deep elf magi
  A deep elf fighter (Elf:2)
  A naga (Snake:4)
  A hippogriff (D:15)
  3 ogres (Vaults:5)
  3 centaurs
  A killer bee (D:12)
  3 orc wizards
  A shadow imp (D:12)
  9 orcs
  A kobold (D:9)
  A bush (Lair:3)
  2 crawling corpses (Vaults:5)
  35 fungi
  A lost soul (Crypt:1)
  19 plants
  4 tentacles (Shoals:4)
  74 tentacle segments (Shoals:4)
190 creatures vanquished.

Grand Total: 2511 creatures vanquished

Notes
Turn   | Place    | Note
--------------------------------------------------------------
     0 | D:1      | Leibowitz the Merfolk Gladiator began the quest for the Orb.
     0 | D:1      | Reached XP level 1. HP: 16/16 MP: 1/1
   129 | D:1      | Reached XP level 2. HP: 17/22 MP: 2/2
   195 | D:1      | Reached skill level 5 in Polearms
   450 | D:1      | Reached XP level 3. HP: 28/28 MP: 3/3
   969 | D:2      | Reached XP level 4. HP: 34/34 MP: 4/4
  1033 | D:2      | Reached skill level 5 in Dodging
  1319 | D:2      | Found a shadowy altar of Dithmenos.
  1899 | D:2      | Found a white marble altar of Elyvilon.
  1899 | D:2      | Noticed Jessica
  1905 | D:2      | Killed Jessica
  1905 | D:2      | Reached XP level 5. HP: 40/40 MP: 5/5
  1909 | D:2      | Found a glowing silver altar of Zin.
  1915 | D:2      | Found a radiant altar of Vehumet.
  1927 | D:2      | Found a glowing golden altar of the Shining One.
  1929 | D:2      | Found a sparkling altar of Nemelex Xobeh.
  2193 | D:2      | Reached skill level 6 in Polearms
  2551 | D:3      | Reached XP level 6. HP: 20/48 MP: 6/6
  2784 | D:3      | Reached skill level 1 in Armour
  2784 | D:3      | Reached skill level 1 in Stealth
  3210 | D:4      | Noticed Leibowitz's ghost (novice KoGl)
  3233 | D:4      | Killed Leibowitz's ghost
  3233 | D:4      | Reached skill level 7 in Polearms
  3233 | D:4      | Reached XP level 7. HP: 25/55 MP: 7/7
  3573 | D:4      | Noticed Grinder
  3789 | D:4      | Noticed Menkaure
  3829 | D:4      | Killed Menkaure
  3829 | D:4      | Reached skill level 5 in Fighting
  4174 | D:4      | Paralysed by Grinder for 3 turns
  4208 | D:4      | Killed Grinder
  4208 | D:4      | Reached skill level 8 in Polearms
  4208 | D:4      | Reached XP level 8. HP: 26/62 MP: 8/8
  4846 | D:4      | Found a shimmering altar of Xom.
  4846 | D:4      | Found a shimmering altar of Xom.
  4847 | D:4      | Found a shimmering altar of Xom.
  4847 | D:4      | Found a shimmering altar of Xom.
  4847 | D:4      | Found a shimmering altar of Xom.
  4848 | D:4      | Found a shimmering altar of Xom.
  5299 | D:5      | Entered Level 5 of the Dungeon
  5407 | D:5      | Found an iron altar of Okawaru.
  5417 | D:5      | Became a worshipper of Warmaster Okawaru
  5914 | D:5      | Reached skill level 9 in Polearms
  6267 | D:6      | Found a staircase to the Ecumenical Temple.
  6288 | D:6      | Got a steaming rapier
  6309 | D:6      | Identified the +8 rapier of the Special Spirits {pierce, +Inv rC+ MP+9} (You found it on level 6 of the Dungeon)
  6388 | D:6      | Reached XP level 9. HP: 69/69 MP: 9/9
  6580 | D:6      | Noticed Prince Ribbit
  6818 | D:6      | Killed Prince Ribbit
  6818 | D:6      | Reached * piety under Okawaru
  7060 | D:6      | Found a bloodstained altar of Trog.
  7424 | D:6      | Reached skill level 1 in Short Blades
  7533 | Temple   | Entered the Ecumenical Temple
  7710 | D:7      | Reached ** piety under Okawaru
  7830 | D:7      | Found a shattered altar of Ashenzari.
  7852 | D:7      | Reached skill level 5 in Armour
  8041 | D:7      | Noticed Crazy Yiuf
  8046 | D:7      | Killed Crazy Yiuf
  8107 | D:7      | Found a stormy altar of Qazlal.
  8191 | D:7      | Reached skill level 10 in Polearms
  8191 | D:7      | Reached skill level 5 in Stealth
  8263 | D:7      | Reached XP level 10. HP: 77/77 MP: 10/10
  8330 | D:7      | Reached skill level 1 in Shields
  8378 | D:7      | Reached *** piety under Okawaru
  9834 | D:9      | Reached **** piety under Okawaru
  9866 | D:9      | Reached skill level 10 in Dodging
  9887 | D:9      | Reached skill level 1 in Evocations
 10135 | D:9      | Found a staircase to the Lair.
 11171 | D:9      | Reached XP level 11. HP: 45/84 MP: 11/11
 11556 | Lair:1   | Entered Level 1 of the Lair of Beasts
 11663 | Lair:1   | Reached ***** piety under Okawaru
 11680 | Lair:1   | Noticed a six-headed hydra
 11713 | Lair:1   | HP: 2/84 [six-headed hydra (7)]
 11742 | Lair:1   | HP: 1/84 [six-headed hydra (6)]
 12147 | Lair:1   | Noticed Harold
 12173 | Lair:1   | Killed Harold
 12173 | Lair:1   | Reached skill level 11 in Dodging
 12208 | Lair:1   | Killed a six-headed hydra
 12480 | Lair:1   | Reached skill level 5 in Short Blades
 12690 | Lair:2   | Received a gift from Okawaru
 13472 | Lair:3   | Noticed a six-headed hydra
 13490 | Lair:3   | Killed a six-headed hydra
 13490 | Lair:3   | Reached ****** piety under Okawaru
 13490 | Lair:3   | Reached XP level 12. HP: 77/92 MP: 15/15
 13827 | Lair:3   | Noticed Maud
 14271 | Lair:3   | Reached skill level 5 in Shields
 14347 | Lair:3   | Received a gift from Okawaru
 14643 | Lair:3   | Killed Maud
 14643 | Lair:3   | Reached skill level 12 in Dodging
 15333 | Lair:4   | Reached skill level 5 in Evocations
 16370 | Lair:4   | Identified 3 scrolls of acquirement
 16371 | Lair:4   | Got a warped pewter ring
 16373 | Lair:4   | Identified the ring of Eshreemu {rF+ Str+3 Int+3 Dex+3} (You acquired it on level 4 of the Lair of Beasts)
 16606 | Lair:4   | Noticed a catoblepas
 16613 | Lair:4   | Killed a catoblepas
 16879 | Lair:5   | Noticed a death yak
 16880 | Lair:5   | Noticed a death yak
 16881 | Lair:5   | Noticed a death yak
 16881 | Lair:5   | Noticed a death yak
 16885 | Lair:5   | Noticed a death yak
 17060 | D:10     | Entered Level 10 of the Dungeon
 17148 | D:10     | Got a faintly glowing plate armour
 17159 | D:10     | Identified the cursed +0 plate armour of Javviwad {Int+6} (You found it on level 10 of the Dungeon)
 17266 | D:10     | Reached XP level 13. HP: 98/100 MP: 17/17
 17654 | D:11     | Found Mubeydi's Armour Shop.
 17684 | D:11     | Noticed Grum
 17696 | D:11     | Killed Grum
 17702 | D:11     | Received a gift from Okawaru
 17760 | D:11     | Found Zayxiono's General Store.
 17809 | D:11     | Found a frozen archway.
 17862 | IceCv    | Entered an ice cave
 17962 | IceCv    | Received a gift from Okawaru
 18613 | IceCv    | Reached skill level 13 in Dodging
 18666 | IceCv    | Got a pitted bronze ring
 18668 | IceCv    | Identified the ring "Zokhlikhu" {AC+4 Slay+2} (You found it in an ice cave)
 19390 | D:11     | Found Hosourgh's Jewellery Boutique.
 19548 | D:12     | Got a scorched pewter ring
 19554 | D:12     | Identified the ring of Hodaopn {rF+ Str+5 Int+4} (You found it on level 12 of the Dungeon)
 19704 | D:12     | Reached skill level 10 in Stealth
 19917 | D:12     | Found a staircase to the Orcish Mines.
 20509 | D:12     | Found a glowing golden altar of the Shining One.
 20799 | Orc:1    | Entered Level 1 of the Orcish Mines
 20875 | Orc:1    | Received a gift from Okawaru
 21015 | Orc:1    | Found a roughly hewn altar of Beogh.
 21450 | Orc:2    | Found Uczitoag's General Store.
 21530 | Orc:2    | Found Nasinoi's General Store.
 21535 | Orc:2    | Bought a potion of heal wounds for 65 gold pieces
 21548 | Orc:2    | Found Qomau's Food Shoppe.
 21687 | Orc:2    | Reached XP level 14. HP: 109/109 MP: 19/19
 21744 | Orc:2    | Found a roughly hewn altar of Beogh.
 22028 | Orc:2    | Found Ygaovam's Distillery.
 22068 | Orc:2    | Bought a potion of heal wounds for 80 gold pieces
 22068 | Orc:2    | Bought a potion of heal wounds for 80 gold pieces
 22551 | Orc:4    | Entered Level 4 of the Orcish Mines
 23019 | Orc:4    | Found Emocoiq's Magic Scroll Shop.
 23326 | Orc:4    | Found a staircase to the Elven Halls.
 23918 | Orc:4    | Found Qatistreicu's Assorted Antiques.
 23918 | Orc:4    | Found Dakesihu's Distillery.
 23976 | Orc:4    | Reached skill level 10 in Fighting
 24221 | Orc:4    | Found Pomod's Gadget Shop.
 24224 | Orc:4    | Found Nud Dovo's Armour Boutique.
 24232 | Orc:4    | Bought a potion of heal wounds for 70 gold pieces
 24232 | Orc:4    | Bought a potion of heal wounds for 70 gold pieces
 24232 | Orc:4    | Bought a potion of curing for 42 gold pieces
 24234 | Orc:4    | Bought a potion of mutation for 35 gold pieces
 24236 | Orc:4    | Bought 2 metallic black potions for 73 gold pieces
 24419 | Orc:4    | Received a gift from Okawaru
 24531 | Orc:4    | Paralysed by an orc sorcerer for 4 turns
 25035 | Orc:3    | Noticed an orc warlord
 25063 | Orc:3    | Killed an orc warlord
 25063 | Orc:3    | Received a gift from Okawaru
 25094 | Orc:3    | Got a shimmering chain mail {god gift}
 25105 | Orc:3    | Identified the +1 chain mail "Otusomn" {rC- rN+ Stlth+} (Okawaru gifted it to you on level 3 of the Orcish Mines)
 25549 | Orc:3    | Noticed an orc warlord
 25567 | Orc:3    | Killed an orc warlord
 25949 | Orc:3    | Identified the Volume of Heat and Attacks
 25983 | Orc:3    | Got a pair of warped boots
 25989 | Orc:3    | Identified the +2 pair of boots "Kopsaurph" {rElec} (You found it on level 3 of the Orcish Mines)
 26627 | Lair:5   | Killed a death yak
 26631 | Lair:5   | Killed a death yak
 26631 | Lair:5   | Reached skill level 14 in Dodging
 26636 | Lair:5   | Killed a death yak
 26645 | Lair:5   | Killed a death yak
 26646 | Lair:5   | Killed a death yak
 27042 | Lair:5   | Found a staircase to the Shoals.
 27424 | Lair:6   | Reached skill level 1 in Invocations
 27424 | Lair:6   | Reached XP level 15. HP: 112/117 MP: 20/22
 27478 | Lair:6   | Found a staircase to the Snake Pit.
 28344 | Lair:7   | Found a staircase to the Slime Pits.
 28922 | Lair:7   | Reached XP level 16. HP: 91/124 MP: 15/23
 29608 | Lair:8   | Entered Level 8 of the Lair of Beasts
 29787 | Lair:8   | Reached skill level 10 in Evocations
 29790 | Lair:8   | Received a gift from Okawaru
 30801 | Lair:8   | Received a gift from Okawaru
 31138 | Lair:8   | Reached skill level 15 in Dodging
 31384 | Lair:8   | Reached skill level 10 in Short Blades
 31385 | Lair:8   | Found a burning altar of Makhleb.
 31390 | Lair:8   | Found a gateway to Hell.
 32020 | Hell     | Entered the Vestibule of Hell
 32020 | Hell     | Noticed Geryon
 32873 | D:13     | Found an ancient bone altar of Kikubaaqudgha.
 33004 | D:13     | Reached skill level 10 in Shields
 33304 | D:13     | Found Noxastre's Food Emporium.
 33556 | D:13     | Found a gate to the Vaults.
 33937 | D:14     | Reached XP level 17. HP: 101/131 MP: 25/25
 34361 | D:14     | Noticed Urug
 34387 | D:14     | Killed Urug
 34396 | D:15     | Entered Level 15 of the Dungeon
 34655 | Shoals:1 | Entered Level 1 of the Shoals
 34658 | Shoals:1 | Found Lubug's Antique Armour Boutique.
 34661 | Shoals:1 | Bought an ichor-stained robe for 142 gold pieces
 34671 | Shoals:1 | Identified the +1 robe of Decompression {Int-3 Dex+2 Slay+2} (You bought it in a shop on level 1 of the Shoals)
 34671 | Shoals:1 | Bought an embroidered cloak for 112 gold pieces
 34728 | Shoals:1 | Received a gift from Okawaru
 35623 | Shoals:1 | Received a gift from Okawaru
 35947 | Shoals:1 | Noticed Nikola
 35965 | Shoals:1 | Killed Nikola
 35965 | Shoals:1 | Received a gift from Okawaru
 36383 | Shoals:1 | Noticed Roxanne
 36439 | Shoals:1 | Killed Roxanne
 36439 | Shoals:1 | Reached skill level 16 in Dodging
 37533 | Shoals:2 | Found a deep blue altar of Sif Muna.
 37643 | Shoals:2 | Found a glowing golden altar of the Shining One.
 38818 | Shoals:3 | Received a gift from Okawaru
 39938 | Shoals:4 | Entered Level 4 of the Shoals
 40000 | Shoals:4 | Found Tyossuis's Weapon Emporium.
 40018 | Shoals:4 | Noticed Ilsuiw
 40085 | Shoals:4 | Killed Ilsuiw
 40195 | Shoals:4 | Reached skill level 15 in Polearms
 40315 | Shoals:4 | Reached XP level 18. HP: 69/140 MP: 15/26
 41028 | Shoals:4 | Reached skill level 17 in Dodging
 41073 | Shoals:4 | Got a barnacled rune of Zot
 41231 | Shoals:4 | Received a gift from Okawaru
 41676 | Shoals:4 | Found a shattered altar of Ashenzari.
 42827 | Snake:1  | Entered Level 1 of the Snake Pit
 43906 | Snake:1  | Received a gift from Okawaru
 44547 | Snake:2  | Found Heoss's Antique Weapon Shop.
 44729 | Snake:2  | Noticed Azrael
 44741 | Snake:2  | Killed Azrael
 44791 | Snake:2  | Noticed Aizul
 44815 | Snake:2  | Killed Aizul
 45676 | Snake:3  | Noticed Squibie's ghost (adept DsGl)
 46299 | Snake:2  | Received a gift from Okawaru
 46308 | Snake:2  | Got a slimy trident {god gift}
 46309 | Snake:2  | Identified the +4 trident of Daung {pierce, Int+3 Dex+4} (Okawaru gifted it to you on level 2 of the Snake Pit)
 46416 | Snake:2  | HP: 4/142 [naga warrior/hand axe (5)]
 47036 | Snake:3  | Reached XP level 19. HP: 71/148 MP: 16/27
 47327 | Snake:3  | Killed Squibie's ghost
 47597 | Snake:3  | Reached skill level 18 in Dodging
 47811 | Snake:3  | Noticed Jorgrun
 47829 | Snake:3  | Killed Jorgrun
 47946 | Snake:4  | Entered Level 4 of the Snake Pit
 47996 | Snake:4  | Noticed Saint Roka
 48015 | Snake:4  | Killed Saint Roka
 48168 | Snake:4  | Received a gift from Okawaru
 48351 | Snake:4  | Noticed Vashnia
 48874 | Snake:4  | Received a gift from Okawaru
 49704 | Snake:4  | Killed Vashnia
 49854 | Snake:4  | Reached skill level 15 in Stealth
 49866 | Snake:4  | Received a gift from Okawaru
 50018 | Snake:4  | Got a serpentine rune of Zot
 50450 | Vaults:1 | Entered Level 1 of the Vaults
 50528 | Vaults:1 | Received a gift from Okawaru
 50700 | Vaults:1 | Found Lyakom's Antique Armour Shop.
 50705 | Vaults:1 | Bought a heavily runed chain mail for 313 gold pieces
 50715 | Vaults:1 | Identified the +0 chain mail "Hoacoc" {rN+ Str+2} (You bought it in a shop on level 1 of the Vaults)
 50721 | Vaults:1 | Bought an ominously black robe for 188 gold pieces
 50726 | Vaults:1 | Identified the +2 robe of Nunifaor {rCorr MP-9 Int+4} (You bought it in a shop on level 1 of the Vaults)
 50726 | Vaults:1 | Bought a heavy robe for 188 gold pieces
 50736 | Vaults:1 | Identified the +1 robe "Pecw" {rC+ rN+ MR+ MP+9} (You bought it in a shop on level 1 of the Vaults)
 51083 | Slime:1  | Entered Level 1 of the Pits of Slime
 51181 | Lair:7   | Reached XP level 20. HP: 88/156 MP: 7/28
 51594 | D:13     | Received a gift from Okawaru
 52351 | Vaults:1 | Reached skill level 19 in Dodging
 52457 | Vaults:1 | Got a shimmering leather armour
 52458 | Vaults:1 | Identified the +3 leather armour of Wonder {*Drain rF++ MR+} (You found it on level 1 of the Vaults)
 52619 | Vaults:1 | Received a gift from Okawaru
 52878 | Vaults:2 | Found a magical portal.
 52913 | WizLab   | Entered The Chambers of Ydanus the Cloud Mage
 53635 | WizLab   | Identified the Handbook of Atheism
 53644 | WizLab   | Identified the Guide on Weightlessness
 53648 | WizLab   | Learned a level 2 spell: Repel Missiles
 53651 | WizLab   | Learned a level 2 spell: Swiftness
 53926 | Vaults:2 | Noticed Wiglaf
 53968 | Vaults:1 | Killed Wiglaf
 54419 | Vaults:2 | Got a twisted rapier
 54420 | Vaults:2 | Identified the +7 rapier of Nemelex Xobeh's Envy {pierce, Int+4} (You found it on level 2 of the Vaults)
 56042 | Vaults:3 | Reached skill level 20 in Dodging
 56052 | Vaults:3 | Reached XP level 21. HP: 158/165 MP: 29/29
 56301 | Vaults:3 | Received a gift from Okawaru
 56557 | Vaults:3 | Noticed Sojobo
 56578 | Vaults:3 | Killed Sojobo
 56578 | Vaults:3 | Received a gift from Okawaru
 56594 | Vaults:3 | Got a twisted triple sword {god gift}
 56600 | Vaults:3 | Identified the +6 triple sword of Havoc {venom, Stlth+} (Okawaru gifted it to you on level 3 of the Vaults)
 57181 | Vaults:3 | Found Jukkan's Distillery.
 57189 | Vaults:3 | Bought a potion of heal wounds for 70 gold pieces
 57208 | Vaults:3 | Found a staircase to the Crypt.
 57208 | Vaults:3 | Found an ancient bone altar of Kikubaaqudgha.
 57209 | Vaults:3 | Found a basalt altar of Yredelemnul.
 57216 | Crypt:1  | Entered Level 1 of the Crypt
 57425 | Vaults:3 | Got a smoking cloak
 57436 | Vaults:3 | Identified the cursed -2 cloak of the Hills {*Drain rPois Dex+4} (You found it on level 3 of the Vaults)
 57691 | Vaults:3 | Reached skill level 15 in Shields
 58030 | Vaults:3 | Received a gift from Okawaru
 58190 | Vaults:3 | Got an ichor-stained scale mail
 58191 | Vaults:3 | Identified the +4 scale mail of Axkaak {rElec rPois Int+4} (You found it on level 3 of the Vaults)
 58332 | Vaults:3 | Received a gift from Okawaru
 59398 | Vaults:4 | Reached skill level 21 in Dodging
 59780 | Vaults:4 | Received a gift from Okawaru
 59858 | Vaults:4 | Reached skill level 15 in Fighting
 60238 | Vaults:5 | Entered Level 5 of the Vaults
 60240 | Vaults:5 | Noticed a golden dragon
 60588 | Crypt:1  | Reached XP level 22. HP: 160/175 MP: 30/30
 60830 | Crypt:1  | Noticed Mennas
 60890 | Crypt:1  | Killed Mennas
 60890 | Crypt:1  | Received a gift from Okawaru
 60911 | Crypt:1  | Got an ichor-stained large shield
 60922 | Crypt:1  | Identified the +6 large shield "Qucruigo" {rPois Dex+3} (You took it off Mennas on level 1 of the Crypt)
 61469 | Crypt:1  | Received a gift from Okawaru
 61737 | Crypt:1  | Noticed Margery
 62589 | Crypt:2  | Noticed Boris
 62740 | Crypt:2  | Received a gift from Okawaru
 62751 | Crypt:2  | Got an ichor-stained dagger {god gift}
 62752 | Crypt:2  | Identified the +1 dagger of the Dungeon {pierce, *Drain +Rage Str-5 Stlth+} (Okawaru gifted it to you on level 2 of the Crypt)
 63017 | Crypt:2  | Killed Boris
 63017 | Crypt:2  | Reached skill level 22 in Dodging
 63161 | Crypt:1  | Killed Margery
 63706 | Elf:1    | Entered Level 1 of the Elven Halls
 63795 | Elf:1    | Noticed Frances
 63818 | Elf:1    | Killed Frances
 64002 | Elf:1    | Received a gift from Okawaru
 64004 | Elf:1    | Identified the Compendium of Conjuration (You found it on level 1 of the Elven Halls)
 64848 | Elf:2    | Found Liunam's Food Boutique.
 64939 | Elf:2    | Found a huge runed gate.
 64939 | Elf:2    | Found a huge runed gate.
 64939 | Elf:2    | Found a huge runed gate.
 65136 | Elf:2    | Reached XP level 23. HP: 105/182 MP: 22/31
 65374 | Elf:2    | Received a gift from Okawaru
 66167 | Elf:3    | Entered Level 3 of the Elven Halls
 67783 | Elf:3    | Got a translucent ivory amulet
 67787 | Elf:3    | Identified the amulet of the Centipede {Stasis rC- Dex+3 Stlth+} (You found it on level 3 of the Elven Halls)
 67817 | Elf:3    | Got a coiled glass ring
 67818 | Elf:3    | Identified the ring of Zixaxzua {+Fly rF- rN+ MP+9} (You found it on level 3 of the Elven Halls)
 67827 | Elf:3    | Got a steaming leather armour
 67828 | Elf:3    | Identified the +1 leather armour of Nihilism {*Corrode +Blink Regen+ Int+3} (You found it on level 3 of the Elven Halls)
 67865 | Elf:3    | Got a steaming granite ring
 67867 | Elf:3    | Identified the ring "Koarph" {rElec Str+2 Int+3} (You found it on level 3 of the Elven Halls)
 68449 | Elf:3    | Got a flickering tin ring
 68471 | Elf:3    | Got an ichor-stained ring mail
 68472 | Elf:3    | Identified the +1 ring mail of the Moon {rF++ Regen+ Int+2} (You took it off a deep elf high priest on level 3 of the Elven Halls)
 68475 | Elf:3    | Identified the ring "Gocw" {Fire rN+ MR++} (You took it off a deep elf high priest on level 3 of the Elven Halls)
 68962 | D:15     | Found a staircase to the Depths.
 68993 | D:15     | Reached skill level 23 in Dodging
 69328 | D:15     | Noticed Agnes
 69341 | D:15     | Killed Agnes
 69555 | D:15     | Received a gift from Okawaru
 69626 | Depths:1 | Entered Level 1 of the Depths
 69998 | Depths:1 | Found an opulent altar of Gozag.
 70063 | Depths:1 | Received a gift from Okawaru
 70287 | Depths:1 | Reached XP level 24. HP: 191/191 MP: 31/31
 71184 | Depths:1 | Received a gift from Okawaru
 72274 | Depths:1 | Received a gift from Okawaru
 72971 | Vaults:5 | Killed a golden dragon
 73555 | Vaults:5 | Noticed a golden dragon
 73566 | Vaults:5 | Killed a golden dragon
 73566 | Vaults:5 | Reached skill level 24 in Dodging
 73706 | Vaults:5 | Received a gift from Okawaru
 73788 | Vaults:5 | Slain by a tentacled monstrosity

Action                   |  1- 3 |  4- 6 |  7- 9 | 10-12 | 13-15 | 16-18 | 19-21 | 22-24 || total
-------------------------+-------+-------+-------+-------+-------+-------+-------+-------++-------
Melee: Trident           |   123 |   244 |   379 |    42 |  1038 |  1310 |       |       ||  3136
       Rapier            |       |       |    96 |   793 |   577 |   703 |    97 |   100 ||  2366
       Spear             |       |       |       |    32 |   502 |       |       |       ||   534
       Demon trident     |       |       |       |       |       |   603 |  2693 |  2350 ||  5646
 Fire: Blowgun           |       |       |       |       |       |     3 |       |       ||     3
Throw: Throwing net      |       |     6 |     3 |     2 |       |    14 |    19 |     9 ||    53
       Javelin           |       |     3 |       |    12 |     4 |     1 |       |     2 ||    22
Invok: Heroism           |       |       |       |       |     1 |    10 |    12 |    12 ||    35
 Abil: Evoke Invisibilit |       |       |     1 |    17 |    14 |    14 |     1 |     5 ||    52
Evoke: Wand              |       |       |       |    18 |    11 |       |     3 |     5 ||    37
  Use: Potion            |       |     5 |     5 |     5 |     4 |    12 |     7 |     9 ||    47
       Scroll            |       |       |     8 |    11 |     4 |    15 |    13 |     9 ||    60
 Stab: Held in net/web   |       |     2 |     5 |       |       |    10 |    16 |     3 ||    36
       Sleeping          |       |       |     8 |     8 |    29 |    71 |    43 |    47 ||   206
       Distracted        |       |       |     1 |     3 |    11 |    16 |    20 |    14 ||    65
       Invisible         |       |       |     1 |    36 |    91 |    49 |    31 |    24 ||   232
  Eat: Chunk             |       |     7 |    19 |    36 |    40 |    48 |    40 |    38 ||   228
       Beef jerky        |       |       |       |     1 |     2 |     1 |       |       ||     4
       Meat ration       |       |       |       |       |     1 |     1 |       |       ||     2
       Pizza             |       |       |       |       |       |     2 |       |     1 ||     3
       Fruit             |       |       |       |       |       |     4 |     7 |     5 ||    16
       Bread ration      |       |       |       |       |       |     1 |     4 |     1 ||     6
